 Dungeon Crawl Stone Soup version 0.23.0-33-g5e6c059 (webtiles) character file.

Game seed: 1246936115353519793

28 tdavidsm the Scratcher (level 3, -1/15 HPs)
             Began as a Felid Transmuter on Feb 26, 2019.
             Slain by a jackal (3 damage)
             ... on level 2 of the Dungeon on Feb 27, 2019.
             The game lasted 00:12:09 (1222 turns).

tdavidsm the Scratcher (Felid Transmuter)           Turns: 1222, Time: 00:12:10

Health: -1/15      AC:  1    Str:  6    XL:     3   Next: 0%
Magic:  5/7        EV: 18    Int: 15    God:
Gold:   15         SH:  0    Dex: 16    Spells: 3/6 levels left
                                        Lives:  0   Deaths: 0

rFire    . . .     SeeInvis +     - Unarmed
rCold    . . .     Gourm    .   (shield unavailable)
rNeg     . . .     Faith    .   (armour unavailable)
rPois    .         Spirit   .   (helmet unavailable)
rElec    .         Reflect  .   (cloak unavailable)
rCorr    .         Harm     .   (gloves unavailable)
MR       .....     Rnd*Tele +   (boots unavailable)
Stlth    ++........             (no amulet)
HPRegen  0.05/turn              d - ring of teleportation (curse)
MPRegen  0.10/turn              h - ring of flight

@: appendage (expiring), quick
A: very small, no armour, no weapons or thrown items, stealth, claws 1, fangs 3,
horns 2, see invisible, carnivore, speed 1, shaggy fur 1, slow metabolism 1,
sharp paws
a: End Transformation, Evoke Flight


You were on level 2 of the Dungeon.
You were full.
You had grown temporary horns.
You visited 1 branch of the dungeon, and saw 2 of its levels.

You collected 15 gold pieces.

Inventory:

Missiles
 a - 19 arrows
 i - 9 poisoned needles
Jewellery
 d - a cursed ring of teleportation (left paw)
 h - a ring of flight (right paw)
Scrolls
 b - a scroll of fear
 j - a scroll of teleportation
 l - a scroll of amnesia
Potions
 e - a potion of lignification
 g - a potion of agility {unknown}
 k - a potion of degeneration {unknown}
Comestibles
 c - 4 rations
 f - a chunk of flesh


   Skills:
 + Level 1.0 Fighting
 + Level 3.0 Dodging
 + Level 0.4 Stealth
 + Level 3.5 Unarmed Combat
 + Level 2.3 Spellcasting
 + Level 2.7 Transmutations


You had 3 spell levels left.
You knew the following spells:

 Your Spells              Type           Power        Failure   Level  Hunger
a - Beastly Appendage     Tmut           #.....       7%          1    #......
b - Sticks to Snakes      Tmut           #.......     11%         2    ###....

Your spell library contained the following spells:

 Spells                   Type           Power        Failure   Level  Hunger
 Spider Form              Tmut/Pois      #.........   36%         3    ###....
 Ice Form                 Ice/Tmut       #.......     77%         4    #####..
 Blade Hands              Tmut           #.........   89%         5    ######.


Dungeon Overview and Level Annotations

Branches:
Dungeon (2/15)

Altars:


Innate Abilities, Weirdness & Mutations

You cannot wear armour.
You are incapable of wielding weapons or throwing items.
Your paws allow you to move quietly. (Stealth)
You have sharp claws.
You have razor-sharp teeth.
You have supernaturally acute eyesight. (SInv)
You are carnivorous and can eat meat at any time.
You cover ground quickly.
You are covered in fur. (AC +1)
You have a slow metabolism.
Your sharp claws are effective at attacking unaware monsters.
You have a pair of horns on your head.


Message History

The jackal barks!
The jackal completely misses you. The goblin closely misses you.
You closely miss the goblin. The jackal misses you.
The goblin closely misses you. The jackal bites you.
You barely miss the goblin.
Your transformation is almost over.
The goblin hits you.
* * * LOW HITPOINT WARNING * * *
The jackal misses you.
You scratch the goblin.
The goblin is severely wounded.
The jackal closely misses you. The goblin closely misses you.
You scratch the goblin.
You kill the goblin!
You have reached level 3!
Your experience leads to an increase in your attributes!
Increase (S)trength, (I)ntelligence, or (D)exterity?
You feel clever. The jackal bites you.
You die...

.# ..### .
.... #..## .#
..##. #....
.# .....
##.#.h .# .#
#....# .# ##
#...h# .# ..
#...h###.#
###.#
.######.@...#
....#
.........%..#
....#
#########..##
..#.# #.<#
....# #..#
#.....# #..#
.###.# #..# #
# #..# ....


You could see 2 jackals.

Vanquished Creatures
  A leopard gecko (D:1)
  2 giant cockroaches (D:1)
  4 goblins
  6 hobgoblins
  2 jackals (D:2)
  4 bats
  4 frilled lizards
  A rat (D:2)
24 creatures vanquished.

Vanquished Creatures (collateral kills)
  A goblin (D:2)
1 creature vanquished.

Grand Total: 25 creatures vanquished

Notes
Turn   | Place    | Note
-------+----------+-------------------------------------------
     0 | D:1      | tdavidsm the Felid Transmuter began the quest for the Orb.
     0 | D:1      | Reached XP level 1. HP: 9/9 MP: 4/4
   400 | D:1      | Reached XP level 2. HP: 9/12 MP: 4/6
   481 | D:1      | Learned a level 2 spell: Sticks to Snakes
  1222 | D:2      | Reached XP level 3. HP: 2/15 MP: 5/7
  1222 | D:2      | Slain by a jackal

Skill      XL: |  1  2 |
---------------+-------+-----
Dodging        | 3 |  3.0
Fighting       | |  1.0
Stealth        | |  0.4
Unarmed Combat | |  3.5
Spellcasting   | |  2.3
Transmutations | |  2.7

Action                   || total
-------------------------++-------
Melee: Unarmed           ||    90
       Bite              ||     6
       Headbutt          ||     2
 Cast: Beastly Appendage ||     5
       Sticks to Snakes  ||     4
 Abil: Evoke Flight      ||     1
  Use: Scroll            ||     5
       Potion            ||     1
  Eat: Chunk             ||     4
Armor: Skin              ||     2
Dodge: Dodged            ||    91
